 Dungeon Crawl Stone Soup version 0.18.1-50-g88ac8fd (webtiles) character file.

452 theRoog the Skirmisher (level 6, -1/84 HPs)
             Began as a Minotaur Berserker on Oct 26, 2016.
             Was an Elder of Trog.
             Slain by a mummy (17 damage)
             ... in an ossuary.
             The game lasted 00:07:05 (3104 turns).

theRoog the Skirmisher (Minotaur Berserker)         Turns: 3104, Time: 00:07:07

Health: -1/84      AC:  5    Str: 28    XL:     6   Next: 75%
Magic:  5/5        EV: 12    Int:  4    God:    Trog [****..]
Gold:   110        SH:  0    Dex: 10    Spells: 0 memorised, 5 levels left

rFire  . . .     SeeInvis .     w - +0 war axe
rCold  . . .     Gourm    .     p - +0 ring mail
rNeg   . . .     Faith    .     (no shield)
rPois  .         Spirit   .     (helmet restricted)
rElec  .         Dismiss  .     (no cloak)
rCorr  .         Reflect  .     (no gloves)
SustAt .         Harm     +     (no boots)
MR     .....                    n - amulet of harm
Stlth  ..........               (no ring)
                                (no ring)

@: berserking, very quick, not resistant to hostile enchantments, extremely
unstealthy
A: retaliatory headbutt, horns 2
a: Berserk, Trog's Hand, Brothers in Arms, Burn Spellbooks, Renounce Religion


You were in an ossuary.
You worshipped Trog.
Trog was greatly pleased with you.
You were not hungry.

You visited 1 branch of the dungeon, and saw 4 of its levels.
You also visited: Ossuary.

You collected 110 gold pieces.

Inventory:

Hand Weapons
 a - a +0 spear
 m - a +0 spear
 u - a +0 hunting sling
 w - a +0 war axe (weapon)
Missiles
 v - 71 stones (quivered)
Armour
 b - a +0 animal skin
 i - a +0 leather armour
 p - a +0 ring mail (worn)
Jewellery
 n - an amulet of harm (around neck)
Scrolls
 e - 2 scrolls of teleportation
 h - a scroll of recharging
 l - a scroll of blinking
 o - a scroll of remove curse
 x - 2 scrolls of magic mapping
Potions
 f - 2 potions of invisibility
 g - a potion of brilliance {unknown}
 j - a potion of might {unknown}
 k - a potion of agility {unknown}
 q - a potion of resistance {unknown}
 r - 2 potions of degeneration {unknown}
 t - 2 potions of heal wounds {unknown}
Comestibles
 c - 2 bread rations
 d - a meat ration
 z - a slice of pizza


   Skills:
 + Level 5.5 Fighting
 + Level 3.1(4.5) Axes
 + Level 5.0(5.5) Polearms
 + Level 4.0 Armour
 + Level 3.7 Dodging
 + Level 1.6 Stealth


You had 5 spell levels left.
You didn't know any spells.

Dungeon Overview and Level Annotations

Branches:
Dungeon (4/15)
 Temple: D:4-7

Altars:
Elyvilon
Okawaru
Qazlal
Yredelemnul


Innate Abilities, Weirdness & Mutations

You reflexively headbutt those who attack you in melee.
You have a pair of horns on your head.


Message History

You feel yourself moving faster!
You feel mighty!
You feel somewhat more hungry. The mummy hits you.
* * * LOW HITPOINT WARNING * * *
The mummy closely misses you.
You are too injured to fight recklessly!
You are too injured to fight recklessly!
You are too injured to fight recklessly!
You are too injured to fight recklessly!
You are too injured to fight recklessly!
You are too injured to fight recklessly!
You are too injured to fight recklessly!
You are too injured to fight recklessly!
You feel a strong urge to attack something.
Your ring mail prevents you from hitting the mummy.
You headbutt the mummy!
The mummy is moderately damaged.
You hit the mummy.
You destroy the mummy!
The mummy hits you!
You die...

#..# #..#
.......... #..#
......... +..#
..???.... #..#
.?!$!?... #..#
.?$∩$!..########M.#
.??$!?.......#M'@.#
..!!!........'M#..#
.............#M#..#
........'....###..#
...#......####.'..#
...#.........#.#..#
...#....#....#.#..#
...#....#....###..#
...#....#....#.'..#


You could see 3 mummies.

Vanquished Creatures
  2 elf zombies (Ossuary)
  A hound (D:4)
  An orc wizard (D:3)
  An ogre zombie (Ossuary)
  3 mummies (Ossuary)
  8 adders
  An ooze (D:3)
  An adder zombie (Ossuary)
  An adder skeleton (D:4)
  3 worms
  A dart slug (D:3)
  3 giant geckos
  4 orcs (D:3)
  A ball python (D:1)
  3 giant cockroaches
  6 goblins
  9 hobgoblins
  6 jackals (D:4)
  A quokka (D:3)
  6 bats
  3 giant newts
  5 goblin zombies
  2 hobgoblin zombies (Ossuary)
  9 kobolds
  A kobold zombie (Ossuary)
  2 quokka zombies (Ossuary)
  39 rats
  A rat zombie (Ossuary)
124 creatures vanquished.

Notes
Turn   | Place    | Note
--------------------------------------------------------------
     0 | D:1      | theRoog the Minotaur Berserker began the quest for the Orb.
     0 | D:1      | Reached XP level 1. HP: 19/19 MP: 0/0
   192 | D:1      | Found an iron altar of Okawaru.
   699 | D:1      | Reached XP level 2. HP: 27/27 MP: 1/1
  1219 | D:2      | Reached ** piety under Trog
  1254 | D:2      | Found a stormy altar of Qazlal.
  1288 | D:2      | Found a basalt altar of Yredelemnul.
  1384 | D:2      | Reached XP level 3. HP: 24/33 MP: 2/2
  1583 | D:2      | Found a white marble altar of Elyvilon.
  1759 | D:3      | Reached XP level 4. HP: 40/41 MP: 3/3
  2100 | D:3      | Reached skill level 1 in Stealth
  2126 | D:3      | Reached *** piety under Trog
  2236 | D:3      | Reached XP level 5. HP: 47/47 MP: 4/4
  2270 | D:3      | Reached skill level 1 in Axes
  2384 | D:4      | Reached skill level 5 in Polearms
  2427 | D:4      | Reached skill level 5 in Fighting
  2499 | D:4      | Reached **** piety under Trog
  2680 | D:4      | Found a sand-covered staircase.
  2699 | Ossuary  | Entered an ossuary
  2712 | Ossuary  | Reached XP level 6. HP: 14/56 MP: 5/5
  3104 | Ossuary  | Slain by a mummy

Skill      XL: |  1  2  3  4  5  6 |
---------------+-------------------+-----
Polearms       | 4 5 |  5.0
Fighting       | 4 5 |  5.5
Armour         | 3 4 |  4.0
Stealth        | 1 |  1.6
Dodging        | 3 |  3.7
Axes           | 2 3 |  3.1

Action                   |  1- 3 |  4- 6 || total
-------------------------+-------+-------++-------
Melee: Spear             |   113 |    33 ||   146
       Headbutt          |    12 |    34 ||    46
       War axe           |       |   149 ||   149
Invok: Berserk           |       |     2 ||     2
       Burn Spellbooks   |       |     1 ||     1
  Use: Scroll            |       |     8 ||     8
       Potion            |       |     1 ||     1
 Stab: Sleeping          |     1 |       ||     1
       Invisible         |       |     2 ||     2
  Eat: Beef jerky        |     1 |       ||     1
       Bread ration      |       |     1 ||     1
       Meat ration       |       |     1 ||     1
Armor: Leather armour    |     8 |       ||     8
       Animal skin       |     1 |       ||     1
       Ring mail         |     7 |    48 ||    55
Dodge: Dodged            |    33 |   101 ||   134
